 Dungeon Crawl Stone Soup version 0.22-a0-231-g75390ab (webtiles) character file.

3287 Einwand the Caller (level 10, 74/74 HPs)
             Began as a Gnoll Wanderer on May 3, 2018.
             Was a High Priest of Jiyva.
             Got out of the dungeon alive.
             The game lasted 00:28:22 (8040 turns).

Einwand the Caller (Gnoll Wanderer)                 Turns: 8040, Time: 00:28:22

Health: 74/74      AC:  8    Str: 16    XL:     10   Next: 1%
Magic:  17/17      EV: 16    Int: 17    God:    Jiyva [*****.]
Gold:   275        SH:  0    Dex: 14    Spells: 13/18 levels left

rFire    + + .     SeeInvis .   v - +2 dagger (elec)
rCold    . . .     Gourm    .   (no shield)
rNeg     . . .     Faith    .   k - +1 leather armour {rF+}
rPois    +         Spirit   .   (no helmet)
rElec    .         Reflect  .   y - +2 cloak {rPois}
rCorr    +         Harm     .   (no gloves)
MR       .....                  (no boots)
Stlth    +++.......             (no amulet)
HPRegen  0.22/turn              n - ring of protection from fire
MPRegen  0.15/turn              (no ring)

@: no status effects
A: distributed training, fangs 1, blink, gelatinous body 1, tendrils, strong
nose
a: Blink, Request Jelly, Slimify, Cure Bad Mutation, Renounce Religion


You escaped.
You worshipped Jiyva.
Jiyva was extremely pleased with you.
You were completely stuffed.

You visited 2 branches of the dungeon, and saw 10 of its levels.

You collected 275 gold pieces.

Inventory:

Hand Weapons
 h - a +1 short sword of flaming
 v - a +2 dagger of electrocution (weapon)
Armour
 k - a +1 leather armour of fire resistance (worn)
 y - a +2 cloak of poison resistance (worn)
Jewellery
 n - a ring of protection from fire (left hand)
Wands
 c - a wand of random effects (49)
 e - a wand of digging (12)
 j - a wand of acid (12)
 r - a wand of hasting (7)
Scrolls
 p - 2 scrolls of identify
 q - a scroll of recharging
Potions
 i - a potion of brilliance
 l - a potion of might
 o - 2 potions of restore abilities
 s - 2 potions of lignification
 t - 3 potions of flight {unknown}
Books
 a - a book of Callings

   Spells                             Type                      Level
   a - Summon Small Mammal            Summoning                    1
   b - Call Imp                       Summoning                    2
   c - Call Canine Familiar           Summoning                    3
   d - Summon Guardian Golem          Hexes/Summoning              3
   e - Summon Lightning Spire         Summoning/Air                4
   f - Summon Ice Beast               Ice/Summoning                4
 b - the Papyrus of Feathers

   Spells                             Type                      Level
   a - Shock                          Conjuration/Air              1
   b - Mephitic Cloud                 Conjuration/Poison/Air       3
Comestibles
 f - 13 rations


   Skills:
 + Level 5.4 Fighting
 + Level 4.7 Short Blades
 + Level 4.7 Long Blades
 + Level 4.7 Axes
 + Level 4.7 Maces & Flails
 + Level 4.7 Polearms
 + Level 4.7 Staves
 + Level 4.7 Slings
 + Level 4.7 Bows
 + Level 4.7 Crossbows
 + Level 4.7 Throwing
 + Level 4.7 Armour
 + Level 6.6 Dodging
 + Level 4.7 Stealth
 + Level 4.7 Shields
 + Level 6.6 Unarmed Combat
 + Level 4.7 Spellcasting
 + Level 3.9 Conjurations
 + Level 3.9 Hexes
 + Level 3.9 Charms
 + Level 6.8 Summonings
 + Level 3.9 Necromancy
 + Level 3.9 Translocations
 + Level 3.9 Transmutations
 + Level 3.9 Fire Magic
 + Level 3.9 Ice Magic
 + Level 3.9 Air Magic
 + Level 3.9 Earth Magic
 + Level 3.9 Poison Magic
 + Level 5.2 Invocations
 + Level 6.6 Evocations


You had 13 spell levels left.
You knew the following spells:

 Your Spells              Type           Power        Failure   Level  Hunger
a - Call Imp              Summ           ####....     1%          2    #......
b - Call Canine Familiar  Summ           ####....     3%          3    ###....


Dungeon Overview and Level Annotations

Branches:
Dungeon (9/15)             Temple (1/1) D:4
   Lair: D:8-11         Orc: D:9-12

Altars:
Ashenzari
Cheibriados
Dithmenos
Elyvilon
Gozag
Hepliaklqana
Jiyva
Makhleb
Nemelex Xobeh
Okawaru
Qazlal
Ru
Sif Muna
Trog
Uskayaw
Vehumet
Wu Jian
Xom
Yredelemnul
Zin
The Shining One

Annotations:
D:9 Erica, Psyche


Innate Abilities, Weirdness & Mutations

Your experience applies equally to all skills.
You have very sharp teeth.
Your uncanny sense of smell can sniff out nearby items.
You can translocate small distances at will.
Your rubbery body absorbs attacks. (AC +1, EV +1)
You are covered in slimy tendrils that may disarm your opponents.


Message History

There is a stone staircase leading down here.
There is a stone staircase leading up here.
You climb upwards.
There is a stone staircase leading down here.
All of the chunks of flesh in your inventory have rotted away.
There is a stone staircase leading up here.
You climb upwards.
There is a stone staircase leading down here.
HP restored.
There is an open door here.
As you open the door, it creaks loudly!
There is an open door here.
There is a staircase leading out of the dungeon here.
You can't go down here!
Are you sure you want to leave the Dungeon?
This will make you lose the game!
Alright, then stay!
You can't go up here!
There is a staircase leading out of the dungeon here.
Are you sure you want to leave the Dungeon?
This will make you lose the game!
You have escaped!

...##.......####.####.......##..#
.###.....#+##..#....####.....##.#
###....###.(...#.......###....###
#....##.....#.#####.....##....#.
##...##....###.#...#'#....##...##
#....#....##...#.....##....#....#
#...##...##...##.##...##.).##...#
#...#....#...##...##...#....#...#
#...#....#...##.@.##...#....#...#
#...#....#...##...##...#....#...#
#...##...##...#####...##...##...#
#....#....##.........##....#....#
##...##....###.....###....##...##
#....##.....#######.....##....#.
###....###....)........###....##.
..##.....####.......####.....####
..###.......#########.......##


There were no monsters in sight!

Vanquished Creatures
  The ghost of dedward the Cleaver, a novice DDFi (D:6)
  The ghost of Whaleporn the Carver, a novice DsGl of Wu Jian (D:8)
  A hungry ghost (D:7)
  Duvessa (D:7)
  2 orc warriors
  A sky beast (D:5)
  A phantom (D:7)
  An ogre (D:8)
  A centaur (D:8)
  4 bullfrogs
  3 howler monkeys
  3 crimson imps
  An orc priest (D:6)
  3 hounds
  Crazy Yiuf (D:6)
  An orc wizard (D:9)
  2 iguanas
  3 worker ants
  2 hound zombies
  A howler monkey zombie (D:8)
  2 howler monkey skeletons
  A gnoll (D:5)
  8 adders
  A shadow imp (D:8)
  2 oozes
  An adder skeleton (D:5)
  A worm (D:4)
  3 dart slugs
  5 leopard geckos
  10 orcs
  A ball python (D:2)
  2 bats (D:3)
  5 giant cockroaches
  5 goblins
  8 hobgoblins
  9 jackals
  8 kobolds
  A quokka (D:2)
  2 frilled lizards
  A leopard gecko zombie (D:7)
  4 rats
114 creatures vanquished.

Vanquished Creatures (collateral kills)
  A sky beast (D:7)
  An ice beast (D:8)
  2 centaurs
  A phantom (D:7)
  A crocodile (D:9)
  A big kobold (D:7)
  A gnoll sergeant (D:5)
  A scorpion (D:8)
  Dowan (D:7)
  A hound (D:8)
  2 orc wizards
  A gnoll (D:5)
  4 adders
  A dart slug (D:2)
  2 leopard geckos
  7 orcs
  A bat (D:3)
  A giant cockroach (D:6)
  A hobgoblin (D:2)
  3 jackals
  A quokka (D:9)
  A frilled lizard (D:2)
  4 kobolds
  2 rats
42 creatures vanquished.

Vanquished Creatures (others)
  A black bear (D:8)
  2 centaurs (D:9)
  3 bullfrogs
  A scorpion (D:5)
  6 jellies
  2 crimson imps
  An orc priest (D:9)
  2 orc wizards (D:9)
  A worker ant (D:8)
  A hound zombie (D:8)
  2 worker ant zombies
  A gnoll (D:5)
  3 adders
  10 orcs
  A giant cockroach (D:6)
  4 jackals (D:5)
  2 quokkas
  A butterfly (D:4)
44 creatures vanquished.

Grand Total: 200 creatures vanquished

Notes
Turn   | Place    | Note
-------+----------+-------------------------------------------
     0 | D:1      | Einwand the Gnoll Wanderer began the quest for the Orb.
     0 | D:1      | Einwand set off with: a book of Callings, the Papyrus of Feathers, a wand of random effects (15), a +0 robe, a +0 club, a ration
     0 | D:1      | Reached XP level 1. HP: 17/17 MP: 3/3
     0 | D:1      | Identified the Papyrus of Feathers
   303 | D:1      | Reached XP level 2. HP: 19/23 MP: 5/5
  1280 | D:1      | Learned a level 2 spell: Call Imp
  1288 | D:2      | Reached XP level 3. HP: 20/28 MP: 1/6
  1544 | D:2      | Reached skill level 1 in Invocations
  1823 | D:2      | Reached skill level 1 in Short Blades
  1823 | D:2      | Reached skill level 1 in Long Blades
  1823 | D:2      | Reached skill level 1 in Axes
  1823 | D:2      | Reached skill level 1 in Maces & Flails
  1823 | D:2      | Reached skill level 1 in Polearms
  1823 | D:2      | Reached skill level 1 in Staves
  1823 | D:2      | Reached skill level 1 in Slings
  1823 | D:2      | Reached skill level 1 in Bows
  1823 | D:2      | Reached skill level 1 in Crossbows
  1823 | D:2      | Reached skill level 1 in Throwing
  1823 | D:2      | Reached skill level 1 in Armour
  1823 | D:2      | Reached skill level 1 in Stealth
  1823 | D:2      | Reached skill level 1 in Shields
  1823 | D:2      | Reached skill level 1 in Spellcasting
  1823 | D:2      | Reached XP level 4. HP: 29/34 MP: 3/7
  2312 | D:3      | Reached skill level 1 in Conjurations
  2312 | D:3      | Reached skill level 1 in Hexes
  2312 | D:3      | Reached skill level 1 in Charms
  2312 | D:3      | Reached skill level 1 in Necromancy
  2312 | D:3      | Reached skill level 1 in Translocations
  2312 | D:3      | Reached skill level 1 in Transmutations
  2312 | D:3      | Reached skill level 1 in Fire Magic
  2312 | D:3      | Reached skill level 1 in Ice Magic
  2312 | D:3      | Reached skill level 1 in Air Magic
  2312 | D:3      | Reached skill level 1 in Earth Magic
  2312 | D:3      | Reached skill level 1 in Poison Magic
  2715 | D:3      | Found a stormy altar of Qazlal.
  2719 | D:3      | Found a sparkling altar of Nemelex Xobeh.
  2719 | D:3      | Found a snail-covered altar of Cheibriados.
  2720 | D:3      | Found a shadowy altar of Dithmenos.
  2720 | D:3      | Found a burning altar of Makhleb.
  2724 | D:3      | Found a sacrificial altar of Ru.
  2824 | D:3      | Reached XP level 5. HP: 40/40 MP: 8/8
  2922 | D:3      | You fall through a shaft for 3 floors!
  2922 | D:6      | Noticed dedward's ghost (novice DDFi)
  2927 | D:5      | Entered Level 5 of the Dungeon
  2973 | D:5      | Noticed a sky beast
  2985 | D:5      | Killed a sky beast
  3155 | D:4      | Learned a level 3 spell: Call Canine Familiar
  3333 | D:4      | Reached XP level 6. HP: 47/47 MP: 9/9
  3425 | D:4      | Found a staircase to the Ecumenical Temple.
  3434 | Temple   | Entered the Ecumenical Temple
  3635 | Temple   | Became a worshipper of Jiyva Jyuroub the Shapeless
  3956 | D:4      | Found a snail-covered altar of Cheibriados.
  4121 | D:4      | Reached skill level 5 in Dodging
  4121 | D:4      | Reached skill level 5 in Unarmed Combat
  4121 | D:4      | Reached skill level 5 in Evocations
  4300 | D:5      | Reached * piety under Jiyva
  4372 | D:5      | Reached XP level 7. HP: 29/52 MP: 1/10
  4394 | D:5      | Reached ** piety under Jiyva
  4929 | D:6      | Found a runed door.
  4943 | D:6      | Noticed Crazy Yiuf
  4960 | D:6      | Killed Crazy Yiuf
  5677 | D:5      | Gained mutation: You evolve. [potion of mutation]
  5677 | D:5      | Gained mutation: You tend to lose your temper in combat. [potion of mutation]
  5677 | D:5      | Lost mutation: You evolve. [potion of mutation]
  5677 | D:5      | Gained mutation: You can translocate small distances at will. [potion of mutation]
  5678 | D:5      | Lost mutation: You can translocate small distances at will. [potion of mutation]
  5678 | D:5      | Lost mutation: You tend to lose your temper in combat. [potion of mutation]
  5678 | D:5      | Gained mutation: You are weak. (Str -2) [potion of mutation]
  5678 | D:5      | Gained mutation: You possess an exceptional clarity of mind. [potion of mutation]
  5679 | D:5      | Lost mutation: You possess an exceptional clarity of mind. [potion of mutation]
  5679 | D:5      | Lost mutation: You are weak. (Str -2) [potion of mutation]
  5679 | D:5      | Gained mutation: You possess an exceptional clarity of mind. [potion of mutation]
  5679 | D:5      | Gained mutation: You are robust. (+10% HP) [potion of mutation]
  5941 | D:6      | Found a glowing golden altar of the Shining One.
  5941 | D:6      | Found a glowing silver altar of Zin.
  5942 | D:6      | Found a white marble altar of Elyvilon.
  5982 | D:6      | Killed dedward's ghost
  5982 | D:6      | Reached XP level 8. HP: 38/66 MP: 2/12
  6025 | D:6      | Reached *** piety under Jiyva
  6033 | D:6      | Gained mutation: Your rubbery body absorbs attacks. (AC +1, EV +1) [Jiyva's grace]
  6345 | D:7      | Noticed Dowan
  6355 | D:7      | Noticed Duvessa
  6361 | D:7      | Killed Dowan
  6365 | D:7      | Killed Duvessa
  6490 | D:7      | Reached XP level 9. HP: 60/72 MP: 14/14
  7142 | D:8      | Noticed Whaleporn's ghost (novice DsGl)
  7162 | D:8      | Killed Whaleporn's ghost
  7162 | D:8      | Reached skill level 5 in Fighting
  7333 | D:8      | Reached skill level 5 in Invocations
  7369 | D:8      | Reached **** piety under Jiyva
  7369 | D:8      | Gained mutation: You can translocate small distances at will. [Jiyva's grace]
  7405 | D:8      | Lost mutation: You are robust. (+10% HP) [Jiyva's grace]
  7770 | D:9      | Reached ***** piety under Jiyva
  7797 | D:9      | Lost mutation: You possess an exceptional clarity of mind. [Jiyva's grace]
  7824 | D:9      | Found a glowing golden altar of the Shining One.
  7863 | D:9      | Reached XP level 10. HP: 74/74 MP: 17/17
  7874 | D:9      | Noticed Psyche
  7879 | D:9      | Noticed a two-headed ogre
  7883 | D:9      | Noticed Erica
  7884 | D:9      | Noticed a two-headed ogre
  7896 | D:9      | Noticed a two-headed ogre
  7909 | D:9      | Gained mutation: You are covered in slimy tendrils that may disarm your opponents. [Jiyva's grace]
  8040 | D:$      | Got out of the dungeon alive.

Vault maps used:
D:1:      dpeg_arrival_circle_labyrinth_a, corexii_hall_statues_deadend,
          hangedman_decor_clover_reticule, chequers_big_river, nrook_uturn
D:2:      minmay_misc_feat_tiny, minivault_24, feat_on_display
D:3:      cheibrodos_helix_gallery, grunt_temple_overflow_open,
          serial_bayou_pond_a
D:4:      minmay_temple_entry_butterflies, lemuel_statue_altar
D:5:      first_ration, kennysheep_cross_room
D:6:      good_gods_mini_temple, uniq_crazy_yiuf_cottage
D:7:      uniq_duvessa
D:8:      kennysheep_generic_room_9
D:9:      basic_altar, minivault_28, uniq_psyche, uniq_joseph, uniq_erica
Temple:   minmay_temple_curvy_branch

Skill      XL: |  1  2  3  4  5  6  7  8  9 |
---------------+----------------------------+-----
Invocations    | 1 2 3 4 5 |  5.2
Short Blades   | 1 2 3 4 |  4.7
Long Blades    | 1 2 3 4 |  4.7
Axes           | 1 2 3 4 |  4.7
Maces & Flails | 1 2 3 4 |  4.7
Polearms       | 1 2 3 4 |  4.7
Staves         | 1 2 3 4 |  4.7
Slings         | 1 2 3 4 |  4.7
Bows           | 1 2 3 4 |  4.7
Crossbows      | 1 2 3 4 |  4.7
Throwing       | 1 2 3 4 |  4.7
Armour         | 1 2 3 4 |  4.7
Stealth        | 1 2 3 4 |  4.7
Shields        | 1 2 3 4 |  4.7
Spellcasting   | 1 2 3 4 |  4.7
Conjurations   | 1 2 3 |  3.9
Hexes          | 1 2 3 |  3.9
Charms         | 1 2 3 |  3.9
Necromancy     | 1 2 3 |  3.9
Translocations | 1 2 3 |  3.9
Transmutations | 1 2 3 |  3.9
Fire Magic     | 1 2 3 |  3.9
Ice Magic      | 1 2 3 |  3.9
Air Magic      | 1 2 3 |  3.9
Earth Magic    | 1 2 3 |  3.9
Poison Magic   | 1 2 3 |  3.9
Fighting       | 3 4 5 |  5.4
Dodging        | 5 6 |  6.6
Unarmed Combat | 5 6 |  6.6
Evocations     | 5 6 |  6.6
Summonings     | 6 |  6.8

Action                   |  1- 3 |  4- 6 |  7- 9 | 10-12 || total
-------------------------+-------+-------+-------+-------++-------
Melee: Unarmed           |    70 |       |       |       ||    70
       Bite              |     6 |    15 |    23 |     1 ||    45
       Whip              |    24 |    45 |       |       ||    69
       Dagger            |       |    58 |   259 |     9 ||   326
       Punch             |       |     2 |     5 |       ||     7
 Cast: Call Imp          |    11 |    21 |    24 |     6 ||    62
       Call Canine Famil |       |     4 |    14 |     1 ||    19
  Use: Scroll            |       |     2 |    10 |     2 ||    14
       Potion            |       |       |     8 |       ||     8
 Stab: Sleeping          |     1 |     4 |     1 |       ||     6
       Distracted        |       |     1 |     3 |       ||     4
  Eat: Chunk             |     4 |     9 |    12 |       ||    25
Armor: Robe              |    15 |    16 |     8 |       ||    39
       Leather armour    |       |       |    42 |     6 ||    48
Dodge: Dodged            |    58 |    66 |   156 |     9 ||   289

Table legend:
 A = Spawn XP
 B = Non-spawn XP
 C = Spawn XP percentage of total XP
 D = Spawn monster count
 E = Non-spawn monster count
 F = Spawn count percentage of total count
 G = Total turns spent on level
                    A         B        C        D         E        F      G
               +---------+---------+-------+---------+---------+-------+---------
         Total |       0 |    4697 |   0.0 |       0 |     156 |   0.0 |  8040
               +---------+---------+-------+---------+---------+-------+---------
           D:1 |       0 |      38 |   0.0 |       0 |      17 |   0.0 |  1483
           D:2 |       0 |      67 |   0.0 |       0 |      21 |   0.0 |   748
           D:3 |       0 |      62 |   0.0 |       0 |      24 |   0.0 |   761
           D:4 |       0 |     139 |   0.0 |       0 |      10 |   0.0 |   784
           D:5 |       0 |     424 |   0.0 |       0 |      14 |   0.0 |  1424
           D:6 |       0 |    1014 |   0.0 |       0 |      20 |   0.0 |  1008
           D:7 |       0 |    1125 |   0.0 |       0 |      22 |   0.0 |   826
           D:8 |       0 |    1468 |   0.0 |       0 |      20 |   0.0 |   623
           D:9 |       0 |     360 |   0.0 |       0 |       8 |   0.0 |   170
               +---------+---------+-------+---------+---------+-------+---------
